 Dungeon Crawl Stone Soup version 0.18.1-50-g88ac8fd (console) character file.

2759 Homage the Cleaver (level 9, 0/70 HPs)
             Began as a Ghoul Fighter on Oct 3, 2016.
             Was a Believer of Okawaru.
             Slain by a killer bee (3 damage)
             ... on level 7 of the Dungeon.
             The game lasted 00:17:40 (7299 turns).

Homage the Cleaver (Ghoul Fighter)                  Turns: 7299, Time: 00:17:41

Health: 0/70       AC: 14    Str: 20    XL:     9   Next: 69%
Magic:  11/11      EV:  4    Int:  3    God:    Okawaru [**....]
Gold:   343        SH: 10    Dex: 11    Spells: 0 memorised, 8 levels left

rFire  . . .     SeeInvis +     a - +1 war axe
rCold  + . .     Gourm    .     n - +0 plate armour
rNeg   + + +     Faith    .     c - +0 shield
rPois  ∞         Spirit   .     j - +0 hat
rElec  .         Dismiss  .     p - +0 cloak
rCorr  +         Reflect  .     (no gloves)
SustAt .         Harm     .     (no boots)
MR     .....                    e - amulet of magic regeneration
Stlth  ..........               l - ring of resist corrosion
                                i - ring of see invisible

@: rotting, not resistant to hostile enchantments, extremely unstealthy
A: rotting body, claws 1, carnivore 3, cold resistance 1, negative energy
resistance 3, slow regeneration 1, torment resistance, unbreathing
a: Heroism, Renounce Religion


You were on level 7 of the Dungeon.
You worshipped Okawaru.
Okawaru was pleased with you.
You were not hungry.

You visited 2 branches of the dungeon, and saw 9 of its levels.

You collected 343 gold pieces.


Innate Abilities, Weirdness & Mutations

Your body is rotting away.
You thrive on raw meat.
You are immune to poison.
You have sharp fingernails.
You are carnivorous and can eat meat at any time.
Your flesh is cold resistant.
You are immune to negative energy.
You regenerate slowly when monsters are visible.
You are immune to unholy pain and torment.
You can survive without breathing.


   Skills:
 - Level 3.2 Fighting
 - Level 8.0 Axes
 + Level 6.3 Armour
 + Level 6.4 Shields
 - Level 4.1 Invocations


You had 8 spell levels left.
You didn't know any spells.

Inventory:

Hand Weapons
 a - a +1 war axe (weapon)
Armour
 c - a +0 shield (worn)
 j - a +0 hat (worn)
 n - a +0 plate armour (worn)
 p - a +0 cloak (worn)
Jewellery
 e - an amulet of magic regeneration (around neck)
 i - a ring of see invisible (left claw)
 l - a ring of resist corrosion (right claw)
Wands
 f - a wand of digging (12/24)
 m - a wand of digging (14/24)
Scrolls
 b - a scroll of fog
 g - a scroll of remove curse
 h - a scroll of identify
Potions
 k - 2 potions of brilliance
 o - a potion of ambrosia
 r - 2 potions of flight
 s - 2 potions of cancellation
 t - a potion of curing
Comestibles
 d - a beef jerky
 q - a chunk of flesh


Message History

You block the killer bee's attack. The killer bee barely misses you.
You block the killer bee's attack.
The killer bee stings you but does no damage.
You see here a long sword.
Press: ? - help, v - describe, . - travel
Here: a killer bee (moderately wounded, berserk, fast, unusually strong)
The floor.
You block the killer bee's attack. The killer bee stings you.
* * * LOW HITPOINT WARNING * * *
You miss the killer bee.
The killer bee is moderately wounded.
The killer bee barely misses you. You block the killer bee's attack.
The killer bee stings you.
* * * LOW HITPOINT WARNING * * *
You slash the killer bee!
The killer bee is severely wounded.
You block the killer bee's attack. The killer bee stings you.
* * * LOW HITPOINT WARNING * * *
The killer bee stings you.
You die...

######### #.......##### ###
#.####......# ##.##
#####.####..###.###...##
#...#.##....@yoy.....[.#
#........#..###.###..>##
#...#.####......####.####
##(##.......#####.......#
#.########## #.##.##.#
##.#...## #.##..#.##
##.......#########........#
#........[#.....##........#
#....(....#.....##........#


You could see a queen bee, a killer bee (berserk) and an orc wizard.

Vanquished Creatures
  Eustachio (D:5)
  The ghost of bftschaos the Charmwright, an amateur DrSk (D:3)
  2 ice beasts
  A phantom (D:6)
  2 sky beasts
  An orc warrior (D:7)
  2 ogres
  A centaur (D:5)
  A big kobold (D:7)
  A giant frog (D:7)
  A scorpion (D:6)
  11 killer bees (D:7)
  2 howler monkeys
  3 crimson imps
  A centaur zombie (D:5)
  5 hounds
  A jelly (D:5)
  A giant frog skeleton (D:7)
  2 orc priests
  3 orc wizards
  An iguana (D:5)
  Terence (D:2)
  4 worker ants
  A killer bee zombie (D:6)
  2 hound skeletons
  7 gnolls
  7 adders
  2 oozes
  An adder skeleton (D:4)
  An adder zombie (D:5)
  A worm (D:3)
  2 dart slugs (D:1)
  10 giant geckos
  15 orcs
  A ball python (D:3)
  4 giant cockroaches
  8 goblins
  10 hobgoblins
  20 jackals
  4 quokkas
  6 bats
  7 giant newts
  A jackal zombie (D:6)
  11 kobolds
  A quokka zombie (D:6)
  8 rats
  A plant (D:1)
180 creatures vanquished.

Notes
Turn   | Place    | Note
--------------------------------------------------------------
     0 | D:1      | Homage the Ghoul Fighter began the quest for the Orb.
     0 | D:1      | Reached XP level 1. HP: 19/19 MP: 0/0
    26 | D:1      | Reached skill level 2 in Axes
    64 | D:1      | Reached XP level 2. HP: 24/26 MP: 1/1
   278 | D:1      | Reached skill level 3 in Axes
   338 | D:1      | Reached XP level 3. HP: 30/31 MP: 2/2
   813 | D:2      | Found a sacrificial altar of Ru.
   831 | D:2      | Reached XP level 4. HP: 35/38 MP: 3/3
  1053 | D:2      | Reached skill level 4 in Axes
  1412 | D:2      | Noticed Terence
  1423 | D:2      | Killed Terence
  1423 | D:2      | Reached XP level 5. HP: 23/45 MP: 4/4
  1541 | D:3      | Noticed bftschaos's ghost (amateur DrSk)
  1564 | D:3      | HP: 8/45 [bftschaos's ghost (4)]
  1569 | D:3      | HP: 3/45 [bftschaos's ghost (2)]
  1760 | D:3      | Killed bftschaos's ghost
  1760 | D:3      | Reached skill level 5 in Axes
  1760 | D:3      | Reached XP level 6. HP: 26/51 MP: 5/5
  2265 | D:3      | Found a glowing silver altar of Zin.
  2388 | D:3      | Reached skill level 6 in Axes
  3059 | D:4      | Reached skill level 3 in Armour
  3059 | D:4      | Reached skill level 3 in Shields
  3214 | D:4      | Reached XP level 7. HP: 52/57 MP: 6/6
  3520 | D:5      | Entered Level 5 of the Dungeon
  3883 | D:5      | Got a faintly humming ring mail
  3894 | D:5      | Identified the +0 ring mail of the Realm of Zot {rF- Dex+7} (You found it on level 5 of the Dungeon)
  3929 | D:5      | Found a staircase to the Ecumenical Temple.
  3938 | Temple   | Entered the Ecumenical Temple
  3951 | Temple   | Became a worshipper of Warmaster Okawaru
  4127 | D:5      | Noticed Eustachio
  4152 | D:5      | Killed Eustachio
  4152 | D:5      | Reached XP level 8. HP: 35/62 MP: 7/7
  4157 | D:5      | Reached * piety under Okawaru
  4225 | D:5      | Reached skill level 1 in Invocations
  4426 | D:5      | Found a shattered altar of Ashenzari.
  4823 | D:5      | Reached skill level 3 in Invocations
  5357 | D:6      | Reached skill level 7 in Axes
  5682 | D:6      | Reached XP level 9. HP: 61/70 MP: 11/11
  5840 | D:6      | Found a deep blue altar of Sif Muna.
  6145 | D:7      | Reached ** piety under Okawaru
  6166 | D:7      | Reached skill level 8 in Axes
  6864 | D:8      | Found Qekusurch's Magic Scroll Emporium.
  6881 | D:7      | Reached skill level 6 in Shields
  6886 | D:7      | HP: 12/70 [killer bee (3)]
  6888 | D:7      | Reached skill level 6 in Armour
  7076 | D:8      | Noticed a queen bee
  7082 | D:7      | HP: 9/70 [orc priest/divine providence (12)]
  7087 | D:7      | HP: 13/70 [killer bee (1)]
  7294 | D:7      | HP: 13/70 [killer bee (6)]
  7299 | D:7      | HP: 3/70 [killer bee (4)]
  7299 | D:7      | Slain by a killer bee

Vault maps used:
D:1:      dpeg_arrival_ternary, serial_forest, infiniplex_forest_zigzag_1,
          infiniplex_forest_lined_room_2, infiniplex_forest_clump_double,
          infiniplex_forest_zigzag_1, infiniplex_forest_lined_room_,
          infiniplex_forest_side_room, infiniplex_forest_fountain
D:2:      nicolae_ru_awakened_eye, uniq_terence
D:3:      zin_scriptorium
D:4:      first_bread, patterned_corridor
D:5:      lemuel_coloured_pillars_altar, temple_statues, uniq_eustachio
D:6:      kennysheep_mini_moat
D:8:      nicolae_qazlal_style_of_elements, serial_shops,
          nicolae_shop_competitors_out_of_business, david_nohive_1,
          uniq_prince_ribbit1, uniq_psyche, uniq_joseph, uniq_erolcha
Temple:   circular_temple_13

Action                   |  1- 3 |  4- 6 |  7- 9 || total
-------------------------+-------+-------+-------++-------
Melee: War axe           |   139 |   245 |   503 ||   887
Invok: Heroism           |       |       |     2 ||     2
  Use: Scroll            |     2 |     7 |     5 ||    14
       Potion            |       |     4 |     2 ||     6
  Eat: Chunk             |    10 |    15 |    38 ||    63
Armor: Scale mail        |    60 |    66 |       ||   126
       Chain mail        |       |    83 |   174 ||   257
       Plate armour      |       |       |   177 ||   177
Dodge: Dodged            |    44 |    59 |   139 ||   242
Block: Shield            |    56 |   132 |   345 ||   533
